 Dungeon Crawl Stone Soup version 0.31.0-32-g396128a36d (webtiles) character file.

Game seed: 2427926276500516442

564 monsoonserge the Ruffian (level 7, 0/78 HPs)
             Began as a Gnoll Shapeshifter on Mar 11, 2024.
             Was a Believer of Lugonu.
             Slain by a killer bee (4 damage)
             ... on level 7 of the Dungeon.
             The game lasted 00:07:02 (2690 turns).

monsoonserge the Ruffian (Gnoll Shapeshifter)       Turns: 2690, Time: 00:07:03

Health: 0/78       AC: 23    Str: 15    XL:     7   Next: 32%
Magic:  10/10      EV:  2    Int: 10    God:    Lugonu [**....]
Gold:   156        SH: 11    Dex: 17    Spells: 11/11 levels left

rFire   . . .        i - +2 dagger (distort)
rCold   + . .        t - +2 kite shield
rNeg    . . .        m - melded +0 ring mail
rPois   +            (helmet currently unavailable)
rElec   .            (cloak currently unavailable)
rCorr   .            (gloves currently unavailable)
SInv    .            (boots currently unavailable)
Will    .....        (no amulet)
Stlth   ++           x - ring of protection from cold
HPRegen 0.33/turn    o - +6 ring of dexterity
MPRegen 0.12/turn

%: no passive effects
@: lethally poisoned (0 -> -5), tree-form
A: stationary, stasis, torment immunity, boosted hp, (fangs 1), strong nose,
distributed training
a: Renounce Religion, Depart the Abyss, Banish


You were on level 7 of the Dungeon.
You worshipped Lugonu.
Lugonu was pleased with you.
You were a tree.
You visited 1 branch of the dungeon, and saw 5 of its levels.
You visited the Abyss 1 time.

You collected 156 gold pieces.

Inventory:

Hand Weapons
 i - a +2 dagger of distortion (weapon)
Missiles
 u - 2 silver javelins (quivered)
Armour
 a - a +0 animal skin
 e - a +0 cloak
 g - a +0 leather armour
 m - a +0 ring mail (melded)
 t - a +2 kite shield (worn)
Magical Staves
 f - a staff of alchemy
Jewellery
 o - a +6 ring of dexterity (right branch)
 x - a ring of protection from cold (left branch)
Talismans
 c - a beast talisman
 d - a flux talisman
 y - a blade talisman
Wands
 p - a wand of mindburst (13)
 v - a wand of roots (2)
Scrolls
 j - a scroll of acquirement {unknown}
 l - a scroll of amnesia {unknown}
 n - a scroll of identify {unknown}
 q - a scroll of vulnerability {unknown}
 r - a scroll of poison {unknown}
 s - a scroll of silence {unknown}
 w - a scroll of enchant weapon {unknown}
Potions
 h - a potion of brilliance {unknown}
 k - a potion of attraction {unknown}


   Skills:
 + Level 3.6 Fighting
 + Level 2.5 Short Blades
 + Level 2.5 Long Blades
 + Level 2.5 Axes
 + Level 2.5 Maces & Flails
 + Level 2.5 Polearms
 + Level 2.5 Staves
 + Level 2.5 Ranged Weapons
 + Level 2.5 Throwing
 + Level 2.5 Armour
 + Level 5.2 Dodging
 + Level 2.5 Stealth
 + Level 2.5 Shields
 + Level 7.0 Unarmed Combat
 + Level 2.5 Spellcasting
 + Level 2.0 Conjurations
 + Level 2.0 Hexes
 + Level 2.0 Summonings
 + Level 2.0 Necromancy
 + Level 2.0 Translocations
 + Level 2.0 Fire Magic
 + Level 2.0 Ice Magic
 + Level 2.0 Air Magic
 + Level 2.0 Earth Magic
 + Level 2.0 Alchemy
 + Level 2.8 Invocations
 + Level 2.5 Evocations
 + Level 6.9 Shapeshifting


You had 11 spell levels left.
You didn't know any spells.
Your spell library contained the following spells:

 Spells                   Type           Power      Damage    Failure   Level
 Dazzling Flash           Conj/Hex       10%        N/A       77%         3
 Mephitic Cloud           Conj/Alch/Air  5%         N/A       77%         3
 Curse of Agony           Necr           5%         N/A       100%        5
 Silence                  Hex/Air        2%         N/A       100%        5


Dungeon Overview and Level Annotations

Branches:
Dungeon (7/15)
 Temple: D:4-7

Altars:
Gozag

Annotations:
D:6 Sigmund


Innate Abilities, Weirdness & Mutations

You are a tree.
Your roots penetrate the ground, keeping you stationary.
You cannot be teleported.
You are immune to unholy pain and torment.
Your maximum health is greatly increased.
Your equipment is partially melded.
((You have very sharp teeth.))
Your uncanny sense of smell can sniff out nearby items.
Your experience applies equally to all skills.


Message History

The killer bee is moderately wounded.
You feel sick. You block the killer bee's attack.
The killer bee stings you but does no damage.
The killer bee stings you.
* * * LOW HITPOINT WARNING * * *
You are more poisoned.
The killer bee poisons you! You block the killer bee's attack.
The killer bee completely misses you. You block the killer bee's attack.
The killer bee stings you but does no damage. x6
You barely miss the killer bee.
The killer bee is moderately wounded.
You feel very sick. You block the killer bee's attack.
The killer bee stings you but does no damage.
You block the killer bee's attack.
The killer bee stings you but does no damage. x2
You block the killer bee's attack.
The killer bee stings you but does no damage.
The killer bee stings you.
* * * LOW HITPOINT WARNING * * *
You hit the killer bee.
Space warps horribly around the killer bee.
The killer bee is almost dead.
You feel sick.
The killer bee stings you but does no damage.
The killer bee stings you.
* * * LOW HITPOINT WARNING * * *
The killer bee stings you but does no damage. x3
You block the killer bee's attack. The killer bee stings you.
* * * LOW HITPOINT WARNING * * *
The killer bee barely misses you.
You hit the killer bee.
You kill the killer bee!
Lugonu accepts your kill.
* * * LOW HITPOINT WARNING * * *
You feel very sick. You block the killer bee's attack. x3
The killer bee stings you but does no damage.
The killer bee stings you.
You die...

#......†.....#
#....>.......#
#.......##..##
#.......##..#
##########..#
#. #..#####
... #..##..#
...#
#..##y.#....#
#...♣y......#
#...†y...P...
######..PP♣$.
....♣ .......
y......
y...#.. ....#
. ....#


You could see 3 killer bees.

Vanquished Creatures
  An ice beast (D:7)
  A black bear (D:7)
  3 killer bees (D:7)
  2 orc priests
  An iguana (D:6)
  Robin (D:3)
  2 adders (D:2)
  A white imp (D:7)
  A dart slug (D:1)
  8 orcs
  3 bats
  6 endoplasms
  2 giant cockroaches
  16 goblins
  10 hobgoblins
  2 quokkas
  6 ball pythons
  5 frilled lizards
  6 kobolds
  7 rats
84 creatures vanquished.

Notes
Turn   | Place    | Note
-------+----------+-------------------------------------------
     0 | D:1      | monsoonserge the Gnoll Shapeshifter began the quest for the
                  | Orb.
     0 | D:1      | Reached XP level 1. HP: 17/17 MP: 1/1
    52 | D:1      | Reached XP level 2. HP: 12/23 MP: 2/2
   446 | D:1      | Reached XP level 3. HP: 28/28 MP: 3/3
   817 | Abyss:1  | Found a corrupted altar of Lugonu.
   817 | Abyss:1  | Cast into level 1 of the Abyss (kobold)
   818 | Abyss:1  | Found a corrupted altar of Lugonu.
   825 | Abyss:1  | Became a worshipper of Lugonu the Unformed
   825 | Abyss:1  | Reached * piety under Lugonu
   825 | Abyss:1  | Reached ** piety under Lugonu
   831 | Abyss:1  | Noticed a weeping skull
   833 | D:1      | Escaped the Abyss
   912 | D:1      | Reached skill level 1 in Invocations
  1125 | D:2      | Reached skill level 1 in Short Blades
  1125 | D:2      | Reached skill level 1 in Long Blades
  1125 | D:2      | Reached skill level 1 in Axes
  1125 | D:2      | Reached skill level 1 in Maces & Flails
  1125 | D:2      | Reached skill level 1 in Polearms
  1125 | D:2      | Reached skill level 1 in Staves
  1125 | D:2      | Reached skill level 1 in Ranged Weapons
  1125 | D:2      | Reached skill level 1 in Throwing
  1125 | D:2      | Reached skill level 1 in Armour
  1125 | D:2      | Reached skill level 1 in Stealth
  1125 | D:2      | Reached skill level 1 in Shields
  1125 | D:2      | Reached skill level 1 in Spellcasting
  1125 | D:2      | Reached skill level 1 in Evocations
  1246 | D:2      | Reached XP level 4. HP: 34/34 MP: 5/5
  1717 | D:3      | Noticed Robin
  1738 | D:3      | Reached skill level 1 in Conjurations
  1738 | D:3      | Reached skill level 1 in Hexes
  1738 | D:3      | Reached skill level 1 in Summonings
  1738 | D:3      | Reached skill level 1 in Necromancy
  1738 | D:3      | Reached skill level 1 in Translocations
  1738 | D:3      | Reached skill level 1 in Fire Magic
  1738 | D:3      | Reached skill level 1 in Ice Magic
  1738 | D:3      | Reached skill level 1 in Air Magic
  1738 | D:3      | Reached skill level 1 in Earth Magic
  1738 | D:3      | Reached skill level 1 in Alchemy
  1744 | D:3      | Killed Robin
  1824 | D:3      | Found an opulent altar of Gozag.
  2054 | D:3      | Reached XP level 5. HP: 39/41 MP: 5/7
  2285 | D:3      | You fall into a shaft and drop 3 floors!
  2293 | D:6      | Noticed a centaur
  2306 | D:6      | Banished a centaur
  2307 | D:6      | Reached XP level 6. HP: 24/47 MP: 3/8
  2325 | D:6      | Reached skill level 5 in Dodging
  2473 | D:6      | Noticed Sigmund
  2479 | D:6      | Noticed an ice beast
  2488 | D:7      | Killed an ice beast
  2652 | D:7      | Noticed a black bear
  2662 | D:7      | Killed a black bear
  2663 | D:7      | Reached skill level 7 in Unarmed Combat
  2663 | D:7      | Reached XP level 7. HP: 47/52 MP: 10/10
  2690 | D:7      | Slain by a killer bee

Illustrated notes

Levels and vault maps discovered:
D:1:      lightli_arrival_farm, layout_basic
D:2:      layout_loops_ring
D:3:      layout_loops_ring, lemuel_doored_altar, uniq_robin
D:6:      layout_loops_ring, mainiacjoe_overflow_brackets, uniq_maggie,
          uniq_sigmund, uniq_crazy_yiuf_cottage, uniq_grinder
D:7:      layout_gridville, serial_park_tiny_2, uniq_pikel

Skill      XL: |  1  2  3  4  5  6  7 |
---------------+----------------------+-----
Invocations    | 1 2 |  2.8
Short Blades   | 1 2 |  2.5
Long Blades    | 1 2 |  2.5
Axes           | 1 2 |  2.5
Maces & Flails | 1 2 |  2.5
Polearms       | 1 2 |  2.5
Staves         | 1 2 |  2.5
Ranged Weapons | 1 2 |  2.5
Throwing       | 1 2 |  2.5
Armour         | 1 2 |  2.5
Stealth        | 1 2 |  2.5
Shields        | 1 2 |  2.5
Spellcasting   | 1 2 |  2.5
Evocations     | 1 2 |  2.5
Conjurations   | 1 2 |  2.0
Hexes          | 1 2 |  2.0
Summonings     | 1 2 |  2.0
Necromancy     | 1 2 |  2.0
Translocations | 1 2 |  2.0
Fire Magic     | 1 2 |  2.0
Ice Magic      | 1 2 |  2.0
Air Magic      | 1 2 |  2.0
Earth Magic    | 1 2 |  2.0
Alchemy        | 1 2 |  2.0
Fighting       | 3 |  3.6
Dodging        | 5 |  5.2
Unarmed Combat | 7 |  7.0
Shapeshifting  | |  6.9

Action                     |  1- 3 |  4- 6 |  7- 9 || total
---------------------------+-------+-------+-------++-------
  Melee: Unarmed           |    57 |       |       ||    57
         Bite              |     4 |     9 |       ||    13
         Punch             |     1 |     1 |       ||     2
         Dagger            |    26 |    98 |    10 ||   134
 Invoke: Depart the Abyss  |     1 |       |       ||     1
         Banish            |       |     1 |       ||     1
  Evoke: Wand              |       |       |     1 ||     1
    Use: Potion            |       |       |     1 ||     1
   Stab: Sleeping          |       |     2 |       ||     2
 Armour: Animal skin       |    14 |       |       ||    14
         Leather armour    |    23 |       |       ||    23
         Ring mail         |       |    46 |     2 ||    48
         Skin              |       |       |    46 ||    46
  Dodge: Dodged            |    57 |    41 |     7 ||   105
  Block: Kite shield       |       |    27 |    23 ||    50
